 Dungeon Sprint DCSS version 0.30.1-11-g7821555f0a (webtiles) character file.

Game seed: 10907895682084640401

137 Heoruswealwe the Insei (level 5, -18/43 HPs)
             Began as a Gnoll Transmuter on Nov 1, 2023.
             Demolished by a shadow (27 damage)
             ... in the Dungeon (Sprint III: "The Ten Rune Challenge").
             The game lasted 00:02:36 (232 turns).

Heoruswealwe the Insei (Gnoll Transmuter)            Turns: 232, Time: 00:02:36

Health: -18/43     AC:  5    Str: 12    XL:     5   Next: 20%
Magic:  12/13      EV: 14    Int: 12    God:
Gold:   24         SH:  0    Dex: 12    Spells: 6/16 levels left

rFire   . .          .
                       - Unarmed
rCold   . . .        (no shield)
rNeg    . . .        c - +0 robe
rPois   .            (no helmet)
rElec   .            h - +2 cloak
rCorr   .            (no gloves)
SInv    .            (no boots)
Will    .....        (no amulet)
Stlth   ++           (no ring)
HPRegen 0.27/turn    (no ring)
MPRegen 0.13/turn

%: no teleportation
@: no status effects
A: fangs 1, strong nose, distributed training
a: no special abilities


You were in the Dungeon.
You visited 1 branch You collected 24 gold pieces.

Inventory:

Armour
 c - a +0 robe (worn)
 h - a +2 cloak (worn)
Scrolls
 j - a scroll of blinking
 l - 2 scrolls of poison {unknown}
 m - 3 scrolls of identify
 o - a scroll of torment {unknown}
Potions
 a - a potion of curing
 b - 2 potions of lignification
 d - a potion of heal wounds
 e - a potion of haste
 f - 2 potions of magic
 i - a potion of brilliance {unknown}
 k - 3 potions of mutation {unknown}
 n - 2 potions of flight {unknown}


   Skills:
 + Level 4.3 Fighting
 + Level 3.4 Short Blades
 + Level 3.4 Long Blades
 + Level 3.4 Axes
 + Level 3.4 Maces & Flails
 + Level 3.4 Polearms
 + Level 3.4 Staves
 + Level 3.4 Ranged Weapons
 + Level 3.4 Throwing
 + Level 3.4 Armour
 + Level 5.8 Dodging
 + Level 3.4 Stealth
 + Level 3.4 Shields
 + Level 7.4 Unarmed Combat
 + Level 6.1 Spellcasting
 + Level 2.8 Conjurations
 + Level 2.8 Hexes
 + Level 2.8 Summonings
 + Level 2.8 Necromancy
 + Level 2.8 Translocations
 + Level 4.8 Transmutations
 + Level 2.8 Fire Magic
 + Level 2.8 Ice Magic
 + Level 2.8 Air Magic
 + Level 2.8 Earth Magic
 + Level 2.8 Poison Magic
 + Level 3.8 Invocations
 + Level 3.4 Evocations


You had 6 spell levels left.
You knew the following spells:

 Your Spells              Type           Power      Damage    Failure   Level
a - Beastly Appendage     Tmut           30%        N/A       2%          1
b - Wereblood             Tmut           15%        N/A       3%          2
c - Spider Form           Tmut/Pois      12%        N/A       11%         3
d - Ice Form              Ice/Tmut       12%        N/A       36%         4

Your spell library contained the following spells:

 Spells                   Type           Power      Damage    Failure   Level


Dungeon Overview and Level Annotations

Branches:
Dungeon (1/1)

Altars:


Innate Abilities, Weirdness & Mutations

You have very sharp teeth.
Your uncanny sense of smell can sniff out nearby items.
Your experience applies equally to all skills.


Message History

There is an open door here.
The shadow misses you.
You barely miss the shadow.
Your transformation is almost over.
The shadow barely misses you.
You hit the shadow but do no damage. You headbutt the shadow!
The shadow is moderately damaged.
The shadow hits you!
You hit the shadow but do no damage. Your kick misses the shadow.
The shadow is moderately damaged.
The shadow barely misses you.
You punch the shadow! Your kick misses the shadow.
You bite the shadow, but do no damage.
The shadow is severely damaged.
The shadow closely misses you.
You hit the shadow but do no damage.
You headbutt the shadow, but do no damage.
The shadow is severely damaged.
The shadow hits you.
You hit the shadow but do no damage. You claw the shadow, but do no damage.
The shadow is severely damaged.
The shadow slips into darkness.
The shadow flickers and vanishes!
Deactivating autopickup; reactivate with Ctrl-A.
You miss something. You headbutt something. You miss something.
Your kick misses something. Your bite misses something.
The shadow strikes at you from the darkness!
Ouch! That really hurt!
* * * LOW HITPOINT WARNING * * *
Reactivating autopickup.
You hit the shadow.
The shadow is almost destroyed.
The shadow slips into darkness.
The shadow flickers and vanishes!
Deactivating autopickup; reactivate with Ctrl-A.
You closely miss something. Your kick misses something.
Your horns disappear.
Your talons disappear.
The shadow strikes at you from the darkness!
Ouch! That really hurt!
You die...

▓▓▓ ♣♣♣ ♣.# ∆ ..♣ ♣.#
∆ ∆ ∆ .♣♣ ♣♣.#∆ ∆ ∆ ∆
~.♣♣♣..###+#+###+##∆∆
†...♣♣.#..........#
~~♣.♣♣.'.⌠........# ∆
≈~~~♣..#...######'#
∆∆ ~~~....#.⌠.# #{@.#
~~.....#...#∆ #...#
.......#+### #...#
.......# ∆∆ #...+
.......# +...#
▓▓▓▓▓▓▓▓ ▓▓▓▓▓


There were no monsters in sight!

Vanquished Creatures
  A water elemental (D)
  A jelly (D)
  Crazy Yiuf (D)
  A human (D)
  An endoplasm (D)
  3 rats (D)
8 creatures vanquished.

Notes
Turn   | Place    | Note
-------+----------+-------------------------------------------
     0 | D        | Heoruswealwe the Gnoll Transmuter began the quest for the
                  | Orb.
     0 | D        | Reached XP level 1. HP: 17/17 MP: 6/6
    19 | D        | Reached skill level 5 in Spellcasting
    38 | D        | Noticed Crazy Yiuf
    47 | D        | Killed Crazy Yiuf
    48 | D        | Reached skill level 5 in Dodging
    48 | D        | Reached skill level 1 in Conjurations
    48 | D        | Reached skill level 1 in Hexes
    48 | D        | Reached skill level 1 in Summonings
    48 | D        | Reached skill level 1 in Necromancy
    48 | D        | Reached skill level 1 in Translocations
    48 | D        | Reached skill level 1 in Fire Magic
    48 | D        | Reached skill level 1 in Ice Magic
    48 | D        | Reached skill level 1 in Air Magic
    48 | D        | Reached skill level 1 in Earth Magic
    48 | D        | Reached skill level 1 in Poison Magic
    48 | D        | Reached XP level 2. HP: 24/24 MP: 6/8
    48 | D        | Reached XP level 3. HP: 29/29 MP: 6/9
    90 | D        | Reached skill level 7 in Unarmed Combat
   145 | D        | Noticed a water elemental
   149 | D        | Killed a water elemental
   150 | D        | Reached XP level 4. HP: 37/37 MP: 11/11
   205 | D        | Learned a level 2 spell: Wereblood
   209 | D        | Learned a level 3 spell: Spider Form
   214 | D        | Learned a level 4 spell: Ice Form
   215 | D        | Noticed a shadow
   221 | D        | Reached XP level 5. HP: 41/43 MP: 10/13
   232 | D        | Demolished by a shadow

Illustrated notes

Levels and vault maps discovered:
D:        dungeon_sprint_mu [sprint_mu_entry_forest, sprint_mu_temple_rooms,
          sprint_mu_d1_spiders, sprint_mu_d2_genie, sprint_mu_d3_branching,
          sprint_mu_orc_legion, sprint_mu_elf_gauntlet, sprint_mu_hive_nellie,
          sprint_mu_lair_fedhas, sprint_mu_vaults_butterflies,
          sprint_mu_slime_circle, sprint_mu_swamp_cave, sprint_mu_shoals_kraken,
          sprint_mu_blade_basic, sprint_mu_crypt_lich, sprint_mu_tomb_spiral,
          sprint_mu_vestibule_basic, sprint_mu_gehenna_hellfire,
          sprint_mu_dis_giant, sprint_mu_tartarus_statrot,
          sprint_mu_cocytus_islands, sprint_mu_zot1]

Skill      XL: |  1  2  3  4 |
---------------+-------------+-----
Spellcasting   | 5 6 |  6.1
Fighting       | 3 4 |  4.3
Short Blades   | 2 3 |  3.4
Long Blades    | 2 3 |  3.4
Axes           | 2 3 |  3.4
Maces & Flails | 2 3 |  3.4
Polearms       | 2 3 |  3.4
Staves         | 2 3 |  3.4
Ranged Weapons | 2 3 |  3.4
Throwing       | 2 3 |  3.4
Armour         | 2 3 |  3.4
Dodging        | 5 |  5.8
Stealth        | 2 3 |  3.4
Shields        | 2 3 |  3.4
Conjurations   | 1 2 |  2.8
Hexes          | 1 2 |  2.8
Summonings     | 1 2 |  2.8
Necromancy     | 1 2 |  2.8
Translocations | 1 2 |  2.8
Transmutations | 4 |  4.8
Fire Magic     | 1 2 |  2.8
Ice Magic      | 1 2 |  2.8
Air Magic      | 1 2 |  2.8
Earth Magic    | 1 2 |  2.8
Poison Magic   | 1 2 |  2.8
Invocations    | 2 3 |  3.8
Evocations     | 2 3 |  3.4
Unarmed Combat | 7 |  7.4

Action                     |  1- 3 |  4- 6 || total
---------------------------+-------+-------++-------
  Melee: Unarmed           |    29 |    12 ||    41
         Kick              |     6 |     2 ||     8
         Headbutt          |     2 |     3 ||     5
         Bite              |       |     1 ||     1
   Cast: Beastly Appendage |     2 |     1 ||     3
    Use: Potion            |     2 |       ||     2
 Armour: Robe              |     2 |     1 ||     3
         Skin              |     1 |       ||     1
  Dodge: Dodged            |    14 |     4 ||    18
